 Dungeon Crawl Stone Soup version 0.30.1-11-g7821555f0a (webtiles) character file.

Game seed: 860576182583015486

2145 cowcol the Cleaver (level 9, 0/79 HPs)
             Began as a Minotaur Fighter on Dec 28, 2023.
             Was a Priest of Okawaru.
             Slain by a fire crab (2 damage)
             ... on level 8 of the Dungeon.
             The game lasted 00:17:09 (5676 turns).

cowcol the Cleaver (Minotaur Fighter)               Turns: 5676, Time: 00:17:11

Health: 0/79       AC: 15    Str: 29    XL:     9   Next: 9%
Magic:  0/8        EV:  9    Int:  7    God:    Okawaru [***...]
Gold:   272        SH:  4    Dex: 10    Spells: 8/8 levels left

rFire   . . .        F - +1 broad axe
rCold   . . .        c - +0 buckler
rNeg    + . .        k - +1 chain mail
rPois   .            (helmet restricted)
rElec   .            p - +2 cloak
rCorr   .            (no gloves)
SInv    .            (no boots)
Will    .....        t - amulet of guardian spirit Stlth
                     m - ring of positive energy
HPRegen 0.33/turn    s - +6 ring of strength
MPRegen 0.11/turn

%: guardian spirit
@: no status effects
A: horns 2, retaliatory headbutt
a: Renounce Religion, Heroism


You were on level 8 of the Dungeon.
You worshipped Okawaru.
Okawaru was most pleased with you.
You visited 1 branch of the dungeon, and saw 8 of its levels.
You also visited: Sewer.

You collected 324 gold pieces.
You spent 52 gold pieces at shops.

Inventory:

Hand Weapons
 a - a +0 war axe
 F - a +1 broad axe (weapon)
Missiles
 h - a throwing net
 o - a boomerang
 C - 11 poisoned darts (quivered)
Armour
 b - a +0 scale mail
 c - a +0 buckler (worn)
 k - a +1 chain mail (worn)
 p - a +2 cloak (worn)
Jewellery
 m - a ring of positive energy (left hand)
 s - a +6 ring of strength (right hand)
 t - an amulet of guardian spirit (around neck)
 E - an amulet of faith
 G - an amulet of the acrobat
Wands
 f - a wand of iceblast (8)
 w - a wand of digging (6)
 y - a wand of polymorph (11)
 D - a wand of flame (24)
Scrolls
 e - 2 scrolls of teleportation
 j - 3 scrolls of vulnerability
 n - a scroll of blinking
 u - 2 scrolls of fear
 x - a scroll of amnesia
 I - a scroll of immolation {unknown}
 J - a scroll of enchant weapon
Potions
 d - 4 potions of might
 g - a potion of flight {unknown}
 i - a potion of lignification {unknown}
 l - a potion of heal wounds {unknown}
 q - a potion of magic
 r - 2 potions of curing
 v - 2 potions of haste
 z - a potion of brilliance
 A - 2 potions of resistance
 B - a potion of cancellation {unknown}
 H - a potion of mutation {unknown}


   Skills:
 + Level 7.4 Fighting
 + Level 10.6 Axes
 - Level 1.0 Throwing
 + Level 8.0 Armour
 - Level 4.0 Shields
 + Level 0.2 Invocations


You had 8 spell levels left.
You didn't know any spells.
Your spell library contained the following spells:

 Spells                   Type           Power      Damage    Failure   Level
 Shock                    Conj/Air       0%         1d3       89%         1
 Slow                     Hex            0%         N/A       89%         1
 Confusing Touch          Hex            0%         N/A       99%         3
 Portal Projectile        Hex/Tloc       0%         N/A       99%         3
 Swiftness                Air            0%         N/A       99%         3
 Vampiric Draining        Necr           0%         2d6       99%         3
 Airstrike                Air            0%         2d(0-16)  100%        4
 Blade Hands              Tmut           0%         N/A       100%        5
 Tukima's Dance           Hex            Unusable   N/A       N/A         3

Dungeon Overview and Level Annotations

Branches:
Dungeon (9/15)             Temple (0/1) D:5            Lair (0/5) D:8
  Sewer (visited)
    Orc: D:9-12

Altars:
Ashenzari
Fedhas
Gozag
Hepliaklqana
Okawaru
Qazlal
Ru
Trog
Vehumet
Yredelemnul

Shops:
D:5 [*

Annotations:
D:6 2 runed translucent doors


Innate Abilities, Weirdness & Mutations

You have a pair of horns on your head.
You reflexively headbutt those who attack you in melee.


Message History

You kill the orc!
Okawaru accepts your kill.
Things that are here:
a +0 club; an orc corpse 2 orcs come into view.
The orc shouts!
You slash the orc!
You kill the orc!
Okawaru accepts your kill.
You slice the orc!!
You kill the orc!
Okawaru accepts your kill.
You now have 272 gold pieces (gained 15).
Items here: )) ††.
A fire crab comes into view.
Found a staircase to the Lair.
The fire crab bites you.
You are engulfed in flames!
The fire crab claws you but does no damage.
You slash the fire crab!
The fire crab is moderately wounded.
The fire crab breathes flames at you. The blast of flame engulfs you!
You slash the fire crab! Your headbutt misses the fire crab.
The fire crab is moderately wounded.
You are engulfed in blazing flames.
The fire crab breathes flames at you. The blast of flame misses you.
You hit the fire crab but do no damage.
The fire crab is moderately wounded.
You are engulfed in blazing flames.
* * * LOW HITPOINT WARNING * * *
The fire crab breathes flames at you. The blast of flame misses you.
You slice the fire crab!!
You headbutt the fire crab, but do no damage.
The fire crab is severely wounded.
You are engulfed in blazing flames.
* * * LOW HITPOINT WARNING * * *
The fire crab bites you.
You die...

#.......###
#......... #.......#
#.....# #...# ##)##
####### ##.## ..§§...
###.#.########.§§≈§≈.
#..###.).....@t§.§≈≈≈
#.#.#.########.≈§.§≈≈
#.##.# ..≈≈>.≈ .. #.#
..§≈≈.§ ### #.#
..≈§≈≈≈ #######.#
...≈≈≈≈ $......#.#
....... .###.##..#
...#### .# #.# #....


You could see a fire crab.

Vanquished Creatures
  Eustachio (D:5)
  Menkaure (D:4)
  2 water moccasins (D:6)
  A sky beast (D:6)
  An ogre (D:6)
  A centaur (D:6)
  6 phantoms
  Blork the orc (D:4)
  3 scorpions
  A howler monkey (D:8)
  3 jellies
  2 hounds
  4 orc wizards
  A sleepcap (D:5)
  Natasha (thrice) (D:3)
  4 iguanas
  8 adders
  3 gnolls (D:2)
  A river rat (Sewer)
  A shadow imp (D:5)
  An ufetubus (D:5)
  2 worms
  A dart slug (D:3)
  23 orcs
  10 ball pythons
  4 bats
  14 endoplasms
  8 giant cockroaches
  6 goblins
  6 hobgoblins
  6 jackals
  4 quokkas
  7 frilled lizards
  3 kobolds
  6 rats
149 creatures vanquished.

Notes
Turn   | Place    | Note
-------+----------+-------------------------------------------
     0 | D:1      | cowcol the Minotaur Fighter began the quest for the Orb.
     0 | D:1      | Reached XP level 1. HP: 19/19 MP: 0/0
   179 | D:1      | Reached XP level 2. HP: 24/27 MP: 1/1
   683 | D:2      | Reached XP level 3. HP: 32/33 MP: 2/2
   694 | D:2      | Reached skill level 3 in Axes
  1191 | D:2      | Reached XP level 4. HP: 41/41 MP: 3/3
  1491 | D:2      | Found a faded altar of an unknown god.
  1941 | D:3      | Found an iron altar of Okawaru.
  1949 | D:3      | Became a worshipper of Warmaster Okawaru
  2019 | D:3      | Found a stormy altar of Qazlal.
  2200 | D:3      | Noticed Natasha
  2211 | D:3      | Killed Natasha
  2212 | D:3      | Reached skill level 4 in Axes
  2315 | D:3      | Reached XP level 5. HP: 46/47 MP: 4/4
  2516 | D:3      | Noticed Natasha
  2520 | D:3      | Killed Natasha
  2521 | D:3      | Reached skill level 5 in Armour
  2698 | D:3      | Noticed Natasha
  2710 | D:3      | Killed Natasha
  2971 | D:4      | Identified the amulet "Icsaf" {+Blink rF- Regen+ Str+4
                  | Stlth-}
  3029 | D:4      | Noticed Menkaure
  3037 | D:4      | Killed Menkaure
  3038 | D:4      | Reached skill level 5 in Axes
  3038 | D:4      | Reached XP level 6. HP: 52/55 MP: 3/5
  3113 | D:4      | Found a blossoming altar of Fedhas.
  3117 | D:4      | Noticed Blork the orc
  3138 | D:4      | Killed Blork the orc
  3144 | D:4      | Reached * piety under Okawaru
  3145 | D:4      | Reached skill level 5 in Fighting
  3145 | D:4      | Reached skill level 6 in Axes
  3418 | D:4      | Found a radiant altar of Vehumet.
  3418 | D:4      | Found a bloodstained altar of Trog.
  3421 | D:4      | Found a hazy altar of Hepliaklqana.
  3422 | D:4      | Found a broken altar of Ashenzari.
  3608 | D:5      | Entered Level 5 of the Dungeon
  3716 | D:5      | Reached skill level 1 in Throwing
  3716 | D:5      | Reached XP level 7. HP: 35/61 MP: 3/6
  3768 | D:5      | Found a staircase to the Ecumenical Temple.
  3794 | D:5      | Found a glowing drain.
  3798 | Sewer    | Entered a sewer
  4033 | Sewer    | Found a viscous altar of Jiyva.
  4345 | D:5      | Noticed Eustachio
  4368 | D:5      | Reached skill level 7 in Axes
  4392 | D:5      | Killed Eustachio
  4393 | D:5      | Reached XP level 8. HP: 52/70 MP: 5/7
  4650 | D:5      | Reached skill level 8 in Axes
  4665 | D:5      | Found Xariarch's Mayhem Merchandise.
  4690 | D:5      | Bought a +0 broad axe for 52 gold pieces
  4720 | D:5      | Reached ** piety under Okawaru
  4820 | D:5      | Found Danyl's Antique Armour Shoppe.
  5170 | D:6      | Reached skill level 9 in Axes
  5212 | D:6      | Found a large runed translucent door.
  5212 | D:6      | Found a large runed translucent door.
  5242 | D:6      | Reached skill level 10 in Axes
  5327 | D:6      | Reached *** piety under Okawaru
  5341 | D:6      | Reached XP level 9. HP: 61/79 MP: 5/8
  5592 | D:6      | You fall into a shaft and drop 3 floors!
  5592 | D:9      | Found an opulent altar of Gozag.
  5598 | D:9      | Found a basalt altar of Yredelemnul.
  5603 | D:9      | Found a sacrificial altar of Ru.
  5670 | D:8      | Found a staircase to the Lair.
  5670 | D:8      | Noticed a fire crab
  5676 | D:8      | HP: 2/79 [fire crab] (17)]
  5676 | D:8      | Slain by a fire crab

Illustrated notes

Levels and vault maps discovered:
D:1:      saegor_arrival_under_anarchy, layout_rooms
D:2:      kennysheep_big_flooded_room, layout_loops_corners,
          shapermc_ecumenical_altar_mp_ritualfount
D:3:      layout_basic, nicolae_overflow_hidden_temple, lemuel_round_altar,
          uniq_natasha
D:4:      layout_basic, minitemple, uniq_menkaure, uniq_blork_the_orc
D:5:      layout_basic, minmay_temple_entry_sparse_star, gup_sewer_entry_bowl,
          serial_shops, shop, st_stairs_3, minmay_shop_mayhem, uniq_eustachio
D:6:      layout_basic, ebering_ghost_disaster_area,
          nicolae_kite_square_tiling_tiny, hangedman_abyss_or_decor_stabs
D:8:      layout_loops_ring, minmay_lair_entry_lava, corexii_leaking_fountain,
          uniq_pikel
D:9:      layout_loops_ring, grunt_temple_overflow_diamond,
          gammafunk_ghost_hive, serial_shops, nicolae_shop_stone

Skill      XL: |  1  2  3  4  5  6  7  8  9 |
---------------+----------------------------+-----
Armour         | 4 5 6 7 8 |  8.0
Fighting       | 4 5 6 7 |  7.4
Shields        | 4 |  4.0
Axes           | 3 4 5 6 7 10 | 10.6
Throwing       | 1 |  1.0
Invocations    | |  0.2

Action                     |  1- 3 |  4- 6 |  7- 9 || total
---------------------------+-------+-------+-------++-------
  Melee: War axe           |    57 |   106 |   101 ||   264
         Headbutt          |     6 |    14 |    29 ||    49
         Broad axe         |       |       |    85 ||    85
  Throw: Throwing net      |       |     1 |       ||     1
         Boomerang         |       |     5 |       ||     5
 Invoke: Heroism           |       |       |     2 ||     2
    Use: Scroll            |     4 |     6 |     3 ||    13
         Potion            |       |     2 |     4 ||     6
 Armour: Scale mail        |    27 |    66 |    43 ||   136
         Chain mail        |       |       |    56 ||    56
  Dodge: Dodged            |    28 |    44 |    63 ||   135
  Block: Buckler           |     8 |    23 |    33 ||    64
